 Dungeon Crawl Stone Soup version 0.31.0-9-g3a7656b989 (webtiles) character file.

Game seed: 5467646496411589547

186 qw the Shooter (level 5, -4/26 HPs)
             Began as a Spriggan Hunter on Feb 3, 2024.
             Slain by a gnoll
             ... wielding a +0 club
              (6 damage)
             ... on level 4 of the Dungeon.
             The game lasted 00:00:35 (2149 turns).

qw the Shooter (Spriggan Hunter)                    Turns: 2149, Time: 00:00:35

Health: -4/26      AC:  2    Str:  7    XL:     5   Next: 38%
Magic:  6/6        EV: 20    Int: 11    God:
Gold:   149        SH:  0    Dex: 20    Spells: 4/4 levels left

rFire   . . .        a - +1 shortbow (heavy)
rCold   . . .        (shield currently unavailable)
rNeg    . . .        c - +0 robe
rPois   .            (helmet restricted)
rElec   .            (no cloak)
rCorr   .            (gloves unavailable)
SInv    +            (boots unavailable)
Will    .....        b - amulet of the acrobat
Stlth   ++           (no ring)
HPRegen 0.24/turn    (no ring)
MPRegen 0.10/turn

%: acrobat
@: very quick
A: very small, no large weapons, unfitting armour, see invisible, speed 3
a: no special abilities


You were on level 4 of the Dungeon.
You visited 1 branch of the dungeon, and saw 4 of its levels.

You collected 233 gold pieces.
You spent 84 gold pieces at shops.


Innate Abilities, Weirdness & Mutations

You are very small and have problems with some larger weapons.
You are too small for most types of armour.
You have supernaturally acute eyesight. (SInv)
You cover ground extremely quickly. (Speed+++)


   Skills:
 - Level 2.2 Fighting
 + Level 5.5 Ranged Weapons
 - Level 5.0 Dodging
 - Level 1.5 Stealth


You had 4 spell levels left.
You didn't know any spells.
Your spell library was empty.

Inventory:

Hand Weapons
 a - a +1 heavy shortbow (weapon)
Armour
 c - a +0 robe (worn)
Jewellery
 b - an amulet of the acrobat (around neck)
Potions
 d - a potion of berserk rage {unknown}
 e - 3 potions of curing

Dungeon Overview and Level Annotations

Branches:
Dungeon (4/15)
 Temple: D:4-7

Altars:

Shops:
D:2 !   D:3 (


Message History

The orc completely misses you. The orc closely misses you.
You shoot an arrow. The arrow hits the orc!
You kill the orc!
You start resting.
HP restored.
Items here: % ))) [[.
You see here a +0 mace.
Things that are here:
a +0 short sword; a +0 ring mail; an orc corpse
Found 5 stones.
d - a clear potion 2 gnolls come into view.
You shoot an arrow. The arrow barely misses the gnoll.
The gnoll shouts!
You hear a shout! x3
An orc comes into view. It is wielding a +0 whip.
You shoot an arrow. The arrow hits the orc!!
You kill the orc!
You shoot an arrow. The arrow closely misses the gnoll.
A gnoll comes into view. It is wielding a +2 vampiric spear.
A gnoll comes into view. It is wielding a +0 spear.
You shoot an arrow.
The arrow hits the gnoll but does no damage.
The gnoll hits you from afar with a +2 vampiric spear.
The gnoll misses you. The gnoll completely misses you.
You shoot an arrow. The arrow hits the gnoll.
The gnoll is heavily wounded.
The gnoll misses you. The gnoll completely misses you. The gnoll misses you.
You shoot an arrow. The arrow completely misses the gnoll.
The gnoll misses you. The gnoll hits you with a +0 club.
The gnoll closely misses you. The gnoll hits you with a +0 club.
The gnoll completely misses you.
The gnoll hits you from afar with a +2 vampiric spear!
You shoot an arrow. The arrow barely misses the gnoll.
The gnoll completely misses you. x3; The gnoll misses you.
The gnoll barely misses you.
The gnoll hits you from afar with a +2 vampiric spear!
You shoot an arrow. The arrow hits the gnoll!
The gnoll is almost dead.
The gnoll closely misses you. The gnoll hits you with a +0 club.
You die...

.......)#### ..#
#.###....).####..#
#. ###..........#
#. ###...####.# ..
###.# #. ###...#
#g ###.....#
#g###...###.#
#g@...###...#
#...###.....#
#.###(......# ...
###.....# ####
###...# ###^# ..#
... ####


You could see 3 gnolls.

Vanquished Creatures
  A hound (D:4)
  A jelly (D:2)
  An orc wizard (D:4)
  2 adders
  3 dart slugs
  3 ribbon worms
  5 orcs (D:4)
  5 bats
  8 endoplasms
  A giant cockroach (D:2)
  3 goblins (D:1)
  2 hobgoblins (D:2)
  6 jackals
  7 kobolds
  4 quokkas
  5 ball pythons
  3 frilled lizards
  9 rats
69 creatures vanquished.

Notes
Turn   | Place    | Note
-------+----------+-------------------------------------------
     0 | D:1      | qw the Spriggan Hunter began the quest for the Orb.
     0 | D:1      | Reached XP level 1. HP: 10/10 MP: 2/2
     0 | D:1      | 0 ||| qw: Version: 0.3-a-155-g5e7d8dd
     0 | D:1      | 0 ||| qw: Game counter: 3020
     0 | D:1      | 0 ||| qw: Melee chars always use a shield: true
     0 | D:1      | 0 ||| qw: God list: Okawaru
     0 | D:1      | 0 ||| qw: Allow faded altars: false
     0 | D:1      | 0 ||| qw: Do Orc after clearing Dungeon:15 true
     0 | D:1      | 0 ||| qw: Do second Lair branch before Depths: true
     0 | D:1      | 0 ||| qw: Lair rune preference: random
     0 | D:1      | 0 ||| qw: Goals: Normal
     0 | D:1      | 0 ||| PLANNING D:1-11
    45 | D:1      | Reached skill level 3 in Dodging
   122 | D:1      | Reached XP level 2. HP: 14/14 MP: 3/3
   196 | D:1      | Found a faded altar of an unknown god.
   444 | D:1      | 444 ||| READING 2 scrolls labelled NUHONI ECHUKHU.
   444 | D:1      | 444 ||| BRANDING +0 shortbow.
   445 | D:1      | 445 ||| READING scroll of brand weapon.
   445 | D:1      | 445 ||| BRANDING +0 shortbow of flaming.
   446 | D:1      | 446 ||| READING scroll labelled GIURE AFYEM.
   446 | D:1      | 446 ||| IDENTIFYING fuming coppery potion
   447 | D:1      | 447 ||| READING scroll labelled OTTITSE SOCWUHU.
   447 | D:1      | 447 ||| ENCHANTING +0 heavy shortbow.
   448 | D:1      | 448 ||| READING scroll labelled ELENUR OMENG.
   549 | D:1      | 549 ||| READING scroll labelled QIADARH WYUW.
   550 | D:1      | 550 ||| DROPPING scroll of butterflies.
   551 | D:1      | 551 ||| DROPPING potion of attraction.
   675 | D:2      | Reached XP level 3. HP: 18/18 MP: 4/4
  1025 | D:2      | Found Dofuag's Distillery.
  1031 | D:2      | 1031 ||| BUYING 2 potions of curing (84 gold).
  1031 | D:2      | Bought 2 potions of curing for 84 gold pieces
  1031 | D:2      | 1031 ||| SHOPLISTING potion of curing (42 gold, have 8).
  1075 | D:2      | Reached XP level 4. HP: 22/22 MP: 5/5
  1483 | D:2      | 1483 ||| READING 2 scrolls of identify.
  1483 | D:2      | 1483 ||| IDENTIFYING scroll labelled TUQAGA VETT
  1484 | D:2      | 1484 ||| READING scroll of identify.
  1484 | D:2      | 1484 ||| IDENTIFYING scroll labelled DIKKUUKODEO
  1485 | D:2      | 1485 ||| DROPPING scroll of blinking.
  1486 | D:2      | 1486 ||| DROPPING scroll of noise.
  1526 | D:3      | Found Gamymm's Antique Weapon Shoppe.
  1916 | D:3      | 1916 ||| UPGRADING to amulet of the acrobat.
  1921 | D:3      | 1921 ||| READING scroll labelled IMOANIACZU.
  1926 | D:3      | 1926 ||| READING scroll labelled ZITYRA YCSUNE.
  1955 | D:4      | 1955 ||| STAIRDANCE
  1959 | D:4      | 1959 ||| STAIRDANCE
  1963 | D:4      | 1963 ||| STAIRDANCE
  1968 | D:4      | 1968 ||| STAIRDANCE
  2025 | D:4      | 2025 ||| RETREEEEATING.
  2028 | D:4      | Reached XP level 5. HP: 23/26 MP: 6/6
  2034 | D:4      | HP: 6/26 [orc/+0 mace (6)]
  2148 | D:4      | HP: 2/26 [gnoll/+2 vampiric spear (9)]
  2149 | D:4      | Slain by a gnoll

Levels and vault maps discovered:
D:1:      sevenhm_arrival_forest_fort_small_4, layout_rooms,
          chequers_ecumenical_altar_island, minmay_tetromino_o4
D:2:      layout_loops_corners, serial_shops, shop, corexii_hall_statues_i
D:3:      layout_basic, serial_shops, nicolae_lakefront_shop
D:4:      layout_loops_ring, led_sif_book, okawaru_gym_becter, minmay_unequal

Skill      XL: |  1  2  3  4 |
---------------+-------------+-----
Dodging        | 3 4 5 |  5.0
Ranged Weapons | 5 |  5.5
Fighting       | 2 |  2.2
Stealth        | |  1.5

Action                     |  1- 3 |  4- 6 || total
---------------------------+-------+-------++-------
   Fire: Shortbow          |    64 |    73 ||   137
    Use: Scroll            |     6 |     4 ||    10
 Armour: Robe              |     3 |    18 ||    21
  Dodge: Dodged            |    13 |    78 ||    91

Table legend:
 A = Non-vault XP
 B = Vault XP
 C = Vault XP percentage of total XP
 D = Non-vault monster count
 E = Vault monster count
 F = Vault count percentage of total count
                 A         B        C        D         E       F
            +---------+---------+-------+---------+---------+-------
      Total |     262 |       5 |   1.9 |      66 |       3 |   4.3
            +---------+---------+-------+---------+---------+-------
        D:1 |      26 |       5 |  16.1 |      15 |       3 |  16.7
        D:2 |      98 |       0 |   0.0 |      26 |       0 |   0.0
        D:3 |      41 |       0 |   0.0 |      16 |       0 |   0.0
        D:4 |      97 |       0 |   0.0 |       9 |       0 |   0.0
            +---------+---------+-------+---------+---------+-------
